 Dungeon Crawl Stone Soup version 0.31-a0-846-gb3bcc0d938 (webtiles) character file.

Game seed: 2701499171129345203

4369 TheScarfBastard the Protected (level 10, -1/90 HPs)
             Began as a Minotaur Berserker on Oct 3, 2023.
             Was a Priest of Trog.
             Slain by Grum
             ... wielding a +1 spear
              (12 damage)
             ... on level 1 of the Lair of Beasts.
             The game lasted 00:13:15 (4224 turns).

TheScarfBastard the Protected (Minotaur Berserker)  Turns: 4224, Time: 00:13:16

Health: -1/90      AC: 19    Str: 26    XL:     10   Next: 13%
Magic:  9/9        EV: 12    Int:  4    God:    Trog [***...]
Gold:   283        SH:  0    Dex: 10    Spells: 9/9 levels left

rFire   + . .        w - +9 lance "Wyrmbane" {slay drac, rPois rF+ rC+ AC+3}
rCold   + . .        k - orb {mayhem}
rNeg    . . .        D - +7 ring mail "Faciah" {rPois}
rPois   +            (helmet restricted)
rElec   .            e - +0 cloak
rCorr   +            v - +0 pair of gloves
SInv    .            (no boots)
Will    +....        (no amulet)
Stlth   +            c - ring of willpower
HPRegen 0.35/turn    i - ring of resist corrosion
MPRegen 0.11/turn

%: mayhem
@: on berserk cooldown, slowed, invisible, very slow
A: horns 2, retaliatory headbutt
a: Renounce Religion, Berserk, Trog's Hand


You were on level 1 of the Lair of Beasts.
You worshipped Trog.
Trog was most pleased with you.
You visited 3 branches of the dungeon, and saw 9 of its levels.

You collected 283 gold pieces.

Inventory:

Hand Weapons
 a - a +0 hand axe
 w - the +9 lance "Wyrmbane" (weapon) {slay drac, rPois rF+ rC+ AC+3}
   (You took it off Maggie on level 6 of the Dungeon)

   AC+3:      It affects your AC (+3).
   rF+:       It protects you from fire.
   rC+:       It protects you from cold.
   rPois:     It protects you from poison
 y - a +3 dire flail of holy wrath
 E - a +2 war axe of venom
Armour
 d - a +0 ring mail
 e - a +0 cloak (worn)
 j - a +1 chain mail
 k - an orb of mayhem (worn)
 o - a +2 leather armour of fire resistance
 v - a +0 pair of gloves (worn)
 A - a +1 plate armour
 B - a +0 scale mail
 D - the +7 ring mail "Faciah" (worn) {rPois}
   (You found it on level 7 of the Dungeon)

   rPois:     It protects you from poison
Jewellery
 c - a ring of willpower (left hand)
 i - a ring of resist corrosion (right hand)
 x - an amulet of magic regeneration
Wands
 l - a wand of flame (35)
 p - a wand of iceblast (14)
 t - a wand of mindburst (25)
Scrolls
 b - a scroll of fog {unknown}
 h - 10 scrolls of teleportation
 z - a scroll of noise {unknown}
 C - a scroll of butterflies {unknown}
Potions
 f - 2 potions of invisibility
 g - a potion of magic {unknown}
 m - a potion of might {unknown}
 n - 4 potions of brilliance
 q - 3 potions of ambrosia
 r - a potion of lignification {unknown}
 s - a potion of curing {unknown}
 u - a potion of haste {unknown}


   Skills:
 + Level 8.6 Fighting
 + Level 8.7(10.3) Axes
 + Level 8.7(10.3) Polearms
 + Level 9.4 Armour
 + Level 4.7 Dodging
 + Level 1.6 Stealth


You had 9 spell levels left.
You didn't know any spells.
Your spell library was empty.

Dungeon Overview and Level Annotations

Branches:
Dungeon (8/15)             Temple (1/1) D:6            Lair (1/5) D:8

Altars:
Ashenzari
Cheibriados
Dithmenos
Elyvilon
Fedhas
Gozag
Hepliaklqana
Kikubaaqudgha
Makhleb
Nemelex Xobeh
Qazlal
Sif Muna
Trog
Uskayaw
Vehumet
Wu Jian
Xom
Yredelemnul
Zin
The Shining One

Annotations:
Lair:1 Grum


Innate Abilities, Weirdness & Mutations

You have a pair of horns on your head.
You reflexively headbutt those who attack you in melee.


Message History

Grum misses the water moccasin. x2; The water moccasin barely misses you.
Grum hits the water moccasin with a +1 spear!!
The water moccasin bites Grum but does no damage.
Grum closely misses the water moccasin.
The water moccasin bites Grum but does no damage.
Grum hits the water moccasin with a +1 spear.
The water moccasin dies!
Trog accepts your kill.
You see here 17 gold pieces.
Grum attacks as he pursues you! Grum closely misses you.
Grum hits you from afar with a +1 spear!
Grum misses you. Grum hits you but does no damage.
You hit Grum but do no damage. You headbutt Grum, but do no damage.
Grum is moderately wounded.
Grum misses you. Grum closely misses you.
You barely miss Grum.
Grum is moderately wounded.
Grum hits you with a +1 spear!!
* * * LOW HITPOINT WARNING * * *
As you read the scroll of teleportation, it crumbles to dust.
You feel strangely unstable. Grum barely misses you. Grum closely misses you.
Your surroundings suddenly seem different.
A water moccasin and a cane toad come into view.
The water moccasin hisses angrily.
The water moccasin bites you!
* * * LOW HITPOINT WARNING * * *
You fade into invisibility!
The water moccasin bites you but does no damage.
The cane toad stings you but does no damage.
The water moccasin closely misses you. The water moccasin barely misses you.
The cane toad stings you but does no damage.
You hear an angry growl.
The water moccasin bites you but does no damage.
The water moccasin bites you but does no damage.
Grum growls angrily.
The water moccasin barely misses you.
Grum is no longer moving quickly.
Grum no longer looks unusually strong.
Grum is no longer in an wild frenzy.
Grum hits you with a +1 spear!
You die...

...............
.##............
.............#. ..
#...........
...#...........
P...#..........
........#F.....
..#....S....#..
..P....@.......
........g.......#.......
......(.................
........................
.................#......
........................
....[^..................
.............P.......[..
#...................


You could see Grum (unable to see you, slow), a cane toad (unable to see you)
and a water moccasin (unable to see you).

Vanquished Creatures
  Pikel (D:7)
  Maggie (D:6)
  Grinder (D:6)
  A wraith (D:6)
  A basilisk (Lair:1)
  Edmund (D:6)
  An acid dragon (D:8)
  4 water moccasins
  An ice beast (D:6)
  2 orc warriors
  4 black bears
  A sky beast (D:7)
  An ogre (D:5)
  3 centaurs
  A wolf (Lair:1)
  A kobold brigand (D:6)
  3 scorpions
  A bullfrog (D:6)
  5 wights
  5 hounds
  2 jellies (D:6)
  A sleepcap (D:6)
  4 iguanas
  2 orc wizards
  3 adders
  2 white imps
  An ufetubus (D:5)
  A dart slug (D:1)
  5 orcs
  4 ball pythons
  5 bats
  2 endoplasms
  A giant cockroach (D:1)
  3 goblins
  5 hobgoblins
  3 quokkas
  A frilled lizard (D:2)
  5 kobolds
  5 rats
94 creatures vanquished.

Vanquished Creatures (collateral kills)
  A water moccasin (Lair:1)
  2 wolves (Lair:1)
  A bullfrog (D:8)
  A wight (D:7)
  An orc (D:8)
  A kobold (D:6)
7 creatures vanquished.

Vanquished Creatures (others)
  A goblin (D:2)
1 creature vanquished.

Grand Total: 102 creatures vanquished

Notes
Turn   | Place    | Note
-------+----------+-------------------------------------------
     0 | D:1      | TheScarfBastard the Minotaur Berserker began the quest for
                  | the Orb.
     0 | D:1      | Reached XP level 1. HP: 19/19 MP: 0/0
   118 | D:1      | Reached XP level 2. HP: 21/27 MP: 1/1
   762 | D:2      | Reached XP level 3. HP: 33/33 MP: 2/2
   780 | D:2      | Found a snail-covered altar of Cheibriados.
  1040 | D:2      | Reached ** piety under Trog
  1315 | D:3      | You fall into a shaft and drop 2 floors!
  1315 | D:5      | Entered Level 5 of the Dungeon
  1330 | D:5      | Reached skill level 3 in Armour
  1330 | D:5      | Reached XP level 4. HP: 41/41 MP: 3/3
  1553 | D:5      | Noticed a water moccasin
  1567 | D:5      | Killed a water moccasin
  1568 | D:5      | Reached skill level 5 in Axes
  1568 | D:5      | Reached skill level 4 in Armour
  1568 | D:5      | Reached XP level 5. HP: 11/47 MP: 4/4
  1748 | D:5      | Reached skill level 5 in Fighting
  1794 | D:5      | Noticed an ogre
  1799 | D:5      | Killed an ogre
  1800 | D:5      | Reached XP level 6. HP: 56/56 MP: 5/5
  2245 | D:5      | Reached skill level 5 in Armour
  2266 | D:6      | Noticed Maggie
  2280 | D:6      | Killed Maggie
  2281 | D:6      | Reached XP level 7. HP: 22/63 MP: 6/6
  2434 | D:6      | Found a staircase to the Ecumenical Temple.
  2446 | Temple   | Entered the Ecumenical Temple
  2635 | D:6      | Found a broken altar of Ashenzari.
  2715 | D:6      | Noticed Grinder
  2720 | D:6      | Paralysed by Grinder for 4 turns
  2738 | D:6      | Killed Grinder
  2739 | D:6      | Reached skill level 6 in Armour
  2817 | D:6      | Reached skill level 1 in Polearms
  2817 | D:6      | Reached XP level 8. HP: 71/71 MP: 7/7
  2930 | D:6      | Reached skill level 7 in Armour
  2933 | D:6      | Reached skill level 1 in Stealth
  3183 | D:6      | Noticed Edmund
  3193 | D:6      | Killed Edmund
  3518 | D:7      | Found a white marble altar of Elyvilon.
  3593 | D:7      | Reached skill level 8 in Armour
  3593 | D:7      | Reached XP level 9. HP: 79/79 MP: 8/8
  3680 | D:7      | Found a bloodstained altar of Trog.
  3720 | D:7      | Found a radiant altar of Vehumet.
  3813 | D:7      | Reached skill level 5 in Polearms
  3823 | D:7      | Identified the +7 ring mail "Faciah" {rPois}
  4011 | D:7      | Noticed Pikel
  4017 | D:7      | Killed Pikel
  4061 | D:8      | Reached skill level 9 in Armour
  4087 | D:8      | Found a staircase to the Lair.
  4094 | D:8      | Reached *** piety under Trog
  4155 | Lair:1   | Entered Level 1 of the Lair of Beasts
  4191 | Lair:1   | Reached XP level 10. HP: 90/90 MP: 9/9
  4199 | Lair:1   | Noticed Grum
  4218 | Lair:1   | Noticed a cane toad
  4224 | Lair:1   | Slain by Grum

Illustrated notes

Levels and vault maps discovered:
D:1:      lemuel_arrival_lava_pool, layout_loops_ring
D:2:      minmay_spotlight, layout_basic, basic_altar, dk_vineyard_2,
          minmay_misc_feat_five
D:3:      layout_basic, amcnicky_altar_gilded, ebering_ghost_sewer_f
D:5:      layout_loops_ring
D:6:      layout_loops_ring, mainiacjoe_overflow_brackets,
          minmay_temple_entry_overgrown, minmay_splitting_lines,
          minmay_pentangle, uniq_grinder, uniq_edmund, uniq_maggie
D:7:      layout_basic, mainiacjoe_overflow_catch_the_wave,
          lemuel_crystal_altar, minivault_27, uniq_pikel
D:8:      layout_basic, grunt_lair_entry_orc_guard_hut, ebering_ghost_gozag,
          nicolae_alphabet_shops
Temple:   eino_temple_rhombus
Lair:1:   layout_cave_shapes, uniq_grum

Skill      XL: |  1  2  3  4  5  6  7  8  9 |
---------------+----------------------------+-----
Axes           | 4 5 7 8 |  8.7
Fighting       | 4 5 6 7 8 |  8.6
Armour         | 3 4 5 6 8 9 |  9.4
Dodging        | 3 4 |  4.7
Polearms       | 1 4 8 |  8.7
Stealth        | 1 |  1.6

Action                     |  1- 3 |  4- 6 |  7- 9 | 10-12 || total
---------------------------+-------+-------+-------+-------++-------
  Melee: Hand axe          |    77 |    64 |       |       ||   141
         Headbutt          |     7 |    10 |    30 |     1 ||    48
         Lance             |       |       |   157 |     9 ||   166
 Invoke: Berserk           |     1 |     3 |     6 |       ||    10
    Use: Scroll            |     1 |     2 |     6 |     1 ||    10
         Potion            |       |       |       |     1 ||     1
 Armour: Ring mail         |    27 |       |    28 |    17 ||    72
         Animal skin       |     1 |       |       |       ||     1
         Chain mail        |    32 |    51 |    61 |       ||   144
         Plate armour      |       |       |    14 |       ||    14
  Dodge: Dodged            |    53 |    37 |    62 |    18 ||   170

Table legend: (Time is in decaauts)
 A = Elapsed time spent in this place.
 B = Non-inter-level travel time spent in this place.
 C = Inter-level travel time spent in this place.
 D = Time resting spent in this place.
 E = Time spent auto-exploring this place.
 F = Levels seen in this place.
 G = Mean time per level.
                   A        B        C        D        E       F      G
               +--------+--------+--------+--------+--------+-----+--------+
         Total |   4284 |   4059 |    225 |      0 |   2793 |   9 |  476.0 |
       Dungeon |   4117 |   3986 |    131 |      0 |   2793 |   7 |  588.1 |
        Temple |     95 |      1 |     94 |      0 |      0 |   1 |   95.0 |
          Lair |     71 |     71 |      0 |      0 |      0 |   1 |   71.0 |
               +--------+--------+--------+--------+--------+-----+--------+

Top non-repeatable levels by time:
     D:6: 1173 daAuts
     D:5: 980 daAuts
     D:2: 705 daAuts
     D:1: 602 daAuts
     D:7: 530 daAuts
     D:8: 113 daAuts
  Temple: 95 daAuts
  Lair:1: 71 daAuts
     D:3: 12 daAuts
